 Dungeon Crawl Stone Soup version 0.25.1-8-g42b30a86e7 (webtiles) character file.

Game seed: 17934058663054131805

61884 Skippwaahh the Destroyer (level 15, -5/91 HPs)
             Began as a Tengu Air Elementalist on Dec 15, 2020.
             Was a High Priest of Vehumet.
             Drowned by a drowned soul (12 damage)
             ... summoned by a merfolk avatar
             ... on level 6 of the Lair of Beasts.
             The game lasted 01:41:44 (32884 turns).

Skippwaahh the Destroyer (Tengu Air Elementalist)  Turns: 32884, Time: 01:41:45

Health: -5/91      AC: 12    Str: 15    XL:     15   Next: 4%
Magic:  4/30       EV: 23    Int: 16    God:    Vehumet [*****.]
Gold:   1324       SH: 12    Dex: 14    Spells: 7/35 levels left

rFire    . . .     SeeInvis .   w - staff of air
rCold    . . .     Gourm    .   e - +2 buckler
rNeg     . . .     Faith    .   t - +1 leather armour {MR+}
rPois    .         Spirit   .   (helmet restricted)
rElec    +         Reflect  +   P - +2 cloak
rCorr    .         Harm     .   X - +0 pair of gloves
MR       ++...                  (boots unavailable)
Stlth    ++........             F - amulet of reflection
HPRegen  0.25/turn              x - +4 ring of protection
MPRegen  0.22/turn              J - +4 ring of evasion

@: mesmerised, very slow
A: beak, talons 3, able to fly
a: Fly, Renounce Religion


You were on level 6 of the Lair of Beasts.
You worshipped Vehumet.
Vehumet was extremely pleased with you.
You were very hungry.

You visited 3 branches of the dungeon, and saw 20 of its levels.
You also visited: Volcano.

You collected 1324 gold pieces.

Inventory:

Missiles
 T - 9 throwing nets (quivered)
Armour
 e - a +2 buckler (worn)
 t - a +1 leather armour of magic resistance (worn)
 D - a +2 leather armour of positive energy
 P - a +2 cloak (worn)
 X - a +0 pair of gloves (worn)
Magical Staves
 w - an uncursed staff of air (weapon)
Jewellery
 b - an uncursed ring of poison resistance
 r - an uncursed ring of fire
 u - the ring "Siuhaob" {Slay+3 SInv}
   (You found it on level 2 of the Lair of Beasts)

   [ring of see invisible]

   It affects your accuracy and damage with ranged weapons and melee attacks
   (+3).
   It lets you see invisible.
 x - a +4 ring of protection (left hand)
 z - an uncursed ring of magical power
 B - an uncursed ring of protection from magic
 F - an amulet of reflection (around neck)
 H - an uncursed ring of protection from magic
 J - a +4 ring of evasion (right hand)
 Z - an uncursed ring of ice
Wands
 f - a wand of paralysis (8)
 g - a wand of polymorph (20)
 p - a wand of iceblast (10)
 O - a wand of flame (18)
 S - a wand of digging (8)
Scrolls
 d - a scroll of fog
 h - 3 scrolls of fear
 i - a scroll of silence
 l - 11 scrolls of teleportation
 s - 3 scrolls of immolation
 y - 2 scrolls of blinking
 A - a scroll of summoning
 I - a scroll of remove curse
 U - a scroll of identify
 V - a scroll of torment
 W - 2 scrolls of vulnerability
Potions
 j - 7 potions of heal wounds
 k - 2 potions of lignification
 m - a potion of resistance
 n - 2 potions of brilliance
 o - 3 potions of berserk rage
 v - 3 potions of magic
 C - 2 potions of cancellation
 E - 6 potions of stabbing
 G - 8 potions of curing
 L - 3 potions of mutation
 M - 2 potions of might
 N - 2 potions of haste
 Y - 2 potions of invisibility
Miscellaneous
 q - a box of beasts
Comestibles
 a - 10 chunks of flesh
 c - 35 rations


   Skills:
 + Level 9.5 Fighting
 + Level 11.9 Dodging
 - Level 5.0 Stealth
 - Level 4.0 Shields
 + Level 10.5 Spellcasting
 + Level 13.3 Conjurations
 - Level 2.0 Charms
 - Level 3.0 Translocations
 * Level 4.2 Ice Magic
 + Level 13.3 Air Magic
 - Level 3.0 Poison Magic
 - Level 8.0 Evocations


You had 7 spell levels left.
You knew the following spells:

 Your Spells              Type           Power        Failure   Level  Hunger
a - Shock                 Conj/Air       ####         1%          1    None
b - Swiftness             Chrm/Air       #####...     1%          2    None
c - Static Discharge      Conj/Air       ######..     1%          3    None
d - Airstrike             Air            ######....   1%          4    ###....
e - Lightning Bolt        Conj/Air       ######....   1%          5    #####..
f - Mephitic Cloud        Conj/Pois/Air  ######..     1%          3    None
g - Iskenderun's Mystic   Conj/Tloc      ####....     1%          4    ###....
h - Freezing Cloud        Conj/Ice/Air   ######....   7%          6    ######.

Your spell library contained the following spells:

 Spells                   Type           Power        Failure   Level  Hunger
 Starburst                Conj/Fire      ####......   26%         6    ######.
 Magic Dart               Conj           ####         1%          1    None
 Poisonous Vapours        Pois/Air       ######       1%          2    None
 Searing Ray              Conj           ######       1%          2    None
 Conjure Flame            Conj/Fire      ####....     1%          3    None
 Dazzling Flash           Conj/Hex       ####..       1%          3    None
 Fulminant Prism          Conj/Hex       ####......   1%          4    ###....
 Beastly Appendage        Tmut           #.....       11%         1    None
 Sticks to Snakes         Tmut           #.......     16%         2    None
 Spider Form              Tmut/Pois      ##........   17%         3    None
 Ice Form                 Ice/Tmut       ###.....     41%         4    ###....
 Blade Hands              Tmut           #.........   96%         5    #####..
 Ring of Flames           Chrm/Fire      ##........   100%        7    #######


Dungeon Overview and Level Annotations

Branches:
Dungeon (13/15)            Temple (1/1) D:6            Lair (6/6) D:9
  Swamp (0/4) Lair:4        Snake (0/4) Lair:3        Slime (0/5) Lair:5
    Orc (0/2) D:9         Volcano (visited)
 Vaults: D:13-14

Altars:
Ashenzari
Cheibriados
Dithmenos
Elyvilon
Fedhas
Gozag
Hepliaklqana
Kikubaaqudgha
Makhleb
Nemelex Xobeh
Okawaru
Qazlal
Ru
Sif Muna
Trog
Uskayaw
Vehumet
Wu Jian
Xom
Yredelemnul
Zin
The Shining One
Jiyva

Shops:
D:6 *   D:8 (

Portals:
Trove: D:10 (give 7 scrolls of fog)

Annotations:
Lair:1 exclusion: oklob plant
Lair:5 exclusion: oklob plant


Innate Abilities, Weirdness & Mutations

You have a beak for a mouth.
You have claws for feet.
You can fly continuously.


Message History

Press: ? - help, Dir - move target cursor, f - merfolk avatar
Aim: a merfolk avatar (water, lightly wounded, mesmerising)
You feel a surge of power!
You are feeling very hungry.
You block the drowned soul's attack.
The merfolk avatar is engulfed in freezing vapours.
The merfolk avatar chants its luring song.
Unknown command.
Casting: Freezing Cloud (dangerous; 7% risk of failure)
Confirm with . or Enter, or press ? or * to list all spells.
Aiming: Airstrike (safe; 1% risk of failure)
Press: ? - help, Dir - move target cursor, f/p - merfolk avatar
Aim: a merfolk avatar (freezing vapour, water, lightly wounded, mesmerising)
You feel a surge of power!
The air twists around and strikes the merfolk avatar!
The merfolk avatar is moderately wounded.
The drowned soul touches you. The drowned soul drowns you!
* * * LOW HITPOINT WARNING * * *
The drowned soul touches you. The drowned soul drowns you!
You die...

.....##≈≈.#≈≈#.≈≈#.≈≈..≈≈##...#
.P..≈≈≈≈≈≈≈P≈≈≈≈≈≈≈≈P≈≈≈≈≈≈..##
....≈≈≈≈≈.#≈≈≈#≈≈.≈≈≈.#≈≈≈P≈÷.#
....≈##≈≈#≈P≈≈≈≈≈≈≈≈P≈#≈≈##≈.##
....≈##≈≈#≈≈≈≈#≈#≈≈≈≈≈#≈≈##.≈#
..#≈≈≈≈≈≈#8≈≈≈≈≈≈≈≈≈≈≈#≈≈≈≈≈≈#
....≈≈≈≈≈#####.#.######≈≈≈≈≈##
.#..≈##≈≈#.≈≈≈≈≈≈≈≈≈≈8#≈≈##≈.##
....P.#≈≈#≈≈≈≈≈≈@≈≈≈≈≈#≈≈##...#
....≈≈≈≈≈#≈≈≈≈≈≈P≈≈≈≈≈#≈≈≈≈...#
.†..≈≈≈≈P.≈≈#≈§§§)≈≈≈≈#≈≈≈≈...#
##.#.##≈≈#≈≈YPWmW?≈≈≈≈#≈≈#...##
.....# ≈≈.≈#≈≈§§W(≈P≈≈#≈≈.#≈..#
.....≈≈ #≈≈≈≈)§:}≈≈P≈#≈≈≈≈...#
.....P≈ #≈≈≈≈≈≈≈≈≈≈≈≈#≈≈≈≈≈.÷##
.Y....# #≈≈≈≈≈≈≈≈P≈≈≈#≈≈##≈.#.#
.....## #≈≈#....##


You could see a merfolk avatar (mesmerising), an elephant and 3 drowned souls.

Vanquished Creatures
  Kirke (Lair:4)
  A catoblepas (Lair:4)
  3 hydras
  A two-headed ogre (D:12)
  12 death yaks
  A fire crab (Volcano)
  A skeletal warrior (D:12)
  A sea snake (Lair:6)
  2 unseen horrors
  A lindwurm (Volcano)
  Pikel (D:4)
  A deep elf mage (D:12)
  A wolf spider (D:11)
  2 cyclopes
  3 manticores
  A torpor snail (Lair:5)
  10 elephants
  2 centaur skeletons
  14 spiny frogs
  8 komodo dragons
  6 rime drakes
  3 wind drakes (Lair:6)
  Grinder (D:4)
  6 hornets
  6 trolls
  2 polar bears (Lair:6)
  18 blink frogs
  5 dream sheep (Lair:6)
  18 hippogriffs
  11 wyverns
  2 shadows
  32 yaks
  5 hogs
  A vampire (D:11)
  5 basilisks
  A wraith (D:11)
  8 fire bats (Volcano)
  A human (D:11)
  A steam dragon (Volcano)
  2 soldier ants
  A naga (Lair:3)
  10 water moccasins
  6 porcupines
  2 ice beasts
  4 orc warriors
  2 slaves (D:4)
  2 necrophages
  4 ogres
  A black bear (D:6)
  6 sky beasts
  2 phantoms
  2 eyes of draining
  3 wolves (Lair:3)
  13 crocodiles
  9 centaurs
  3 big kobolds
  14 bullfrogs
  3 gnoll sergeants (D:7)
  A wyvern zombie (D:13)
  A wyvern skeleton (D:9)
  4 scorpions
  6 killer bees (D:10)
  14 wights (D:12)
  7 crimson imps
  2 electric eels (Lair:6)
  2 bullfrog zombies
  7 jellies
  2 centaur zombies
  8 orc priests
  10 hounds
  Crazy Yiuf (D:6)
  3 gnoll shamans (D:7)
  3 bullfrog skeletons
  Jessica (D:3)
  3 iguanas
  13 orc wizards
  9 worker ants
  2 hound zombies
  2 hound skeletons
  A worker ant zombie (D:11)
  A howler monkey zombie (D:10)
  Robin (D:2)
  11 adders
  23 gnolls (D:7)
  A howler monkey skeleton (D:4)
  A shadow imp (D:6)
  9 oozes
  An adder zombie (D:6)
  A worm (D:4)
  A dart slug (D:1)
  9 leopard geckos
  25 orcs
  A ball python (D:2)
  8 bats
  5 giant cockroaches
  21 goblins
  11 hobgoblins
  24 jackals
  11 quokkas
  5 frilled lizards
  24 kobolds
  8 rats
  4 fungi
  3 plants
599 creatures vanquished.

Vanquished Creatures (others)
  2 humans (Lair:4)
  3 orcs (D:4)
  23 fungi
  38 plants
  7 toadstools (D:2)
73 creatures vanquished.

Grand Total: 672 creatures vanquished

Notes
Turn   | Place    | Note
-------+----------+-------------------------------------------
     0 | D:1      | Skippwaahh the Tengu Air Elementalist began the quest for
                  | the Orb.
     0 | D:1      | Reached XP level 1. HP: 10/10 MP: 4/4
   305 | D:1      | Reached XP level 2. HP: 15/15 MP: 3/6
   945 | D:1      | Reached XP level 3. HP: 19/19 MP: 5/7
  1163 | D:1      | Learned a level 2 spell: Swiftness
  1167 | D:1      | Learned a level 3 spell: Static Discharge
  1913 | D:2      | Found a shimmering altar of Xom.
  1925 | D:2      | Reached XP level 4. HP: 20/24 MP: 1/9
  2317 | D:2      | Noticed Robin
  2323 | D:2      | Killed Robin
  2856 | D:2      | Found a glowing golden altar of the Shining One.
  3122 | D:2      | Gained mutation: You can fly continuously. [Tengu growth]
  3122 | D:2      | Reached XP level 5. HP: 28/28 MP: 6/10
  3562 | D:2      | Reached XP level 6. HP: 32/32 MP: 9/12
  4313 | D:3      | Noticed Jessica
  4318 | D:3      | Killed Jessica
  4370 | D:3      | Found a glowing golden altar of the Shining One.
  4715 | D:4      | Reached skill level 1 in Charms
  4915 | D:4      | Noticed Grinder
  4981 | D:4      | Killed Grinder
  4981 | D:4      | Reached skill level 5 in Dodging
  4981 | D:4      | Reached XP level 7. HP: 20/36 MP: 6/14
  5453 | D:4      | Noticed Pikel
  5630 | D:4      | Killed Pikel
  5630 | D:4      | Reached skill level 5 in Conjurations
  5630 | D:4      | Reached skill level 5 in Air Magic
  5630 | D:4      | Reached XP level 8. HP: 27/41 MP: 9/16
  5789 | D:4      | Found a blossoming altar of Fedhas.
  5865 | D:4      | Reached skill level 5 in Spellcasting
  6237 | D:4      | Found a sacrificial altar of Ru.
  6293 | D:5      | Entered Level 5 of the Dungeon
  6501 | D:5      | Learned a level 4 spell: Airstrike
  6691 | D:5      | Found an ornate altar of the Wu Jian Council.
  7535 | D:5      | Reached XP level 9. HP: 45/45 MP: 18/18
  7879 | D:5      | Found a burning altar of Makhleb.
  8722 | D:6      | Found a staircase to the Ecumenical Temple.
  8734 | Temple   | Entered the Ecumenical Temple
  8775 | Temple   | Became a worshipper of Vehumet
  8958 | D:6      | Reached skill level 5 in Stealth
  9025 | D:6      | Found a sparkling altar of Nemelex Xobeh.
  9123 | D:6      | Found Wefoxt's General Store.
  9300 | D:6      | Found a runed translucent door.
  9301 | D:6      | Noticed Crazy Yiuf
  9424 | D:6      | Killed Crazy Yiuf
  9509 | D:6      | Reached skill level 1 in Fighting
  9881 | D:7      | Learned a level 5 spell: Lightning Bolt
  9993 | D:7      | Reached * piety under Vehumet
  9993 | D:7      | Offered knowledge of Freeze by Vehumet.
 10215 | D:7      | Reached XP level 10. HP: 54/54 MP: 14/20
 10635 | D:7      | Offered knowledge of Searing Ray by Vehumet.
 10652 | D:7      | Learned a level 4 spell: Iskenderun's Mystic Blast
 10674 | D:7      | Reached ** piety under Vehumet
 10774 | D:7      | Reached skill level 1 in Shields
 11345 | D:8      | Found Cuonoy's Weapon Emporium.
 11569 | D:8      | Reached skill level 1 in Translocations
 11616 | D:8      | Found a white marble altar of Elyvilon.
 11925 | D:8      | Found a hide-covered altar of Uskayaw.
 11932 | D:8      | Offered knowledge of Frozen Ramparts by Vehumet.
 12324 | D:8      | Reached *** piety under Vehumet
 12530 | D:9      | Noticed a death yak
 12914 | D:8      | Killed a death yak
 12992 | D:9      | Found a staircase to the Lair.
 12993 | D:9      | Noticed a death yak
 12993 | D:9      | Noticed a death yak
 13023 | D:9      | Found a staircase to the Orcish Mines.
 13369 | D:9      | Found a shattered altar of Ashenzari.
 13740 | D:8      | Killed a death yak
 13740 | D:8      | Reached XP level 11. HP: 62/62 MP: 23/23
 13752 | D:8      | Killed a death yak
 13761 | D:9      | Learned a level 3 spell: Mephitic Cloud
 14068 | D:10     | Entered Level 10 of the Dungeon
 14197 | D:10     | Reached skill level 5 in Fighting
 14381 | D:10     | Offered knowledge of Ignite Poison by Vehumet.
 14475 | D:10     | Noticed an unseen horror
 14476 | D:10     | Killed an unseen horror
 14476 | D:10     | Reached skill level 1 in Poison Magic
 14802 | D:10     | Found a portal to a secret trove of treasure.
 15234 | D:11     | Noticed a manticore
 15237 | D:11     | Killed a manticore
 15372 | D:11     | Reached **** piety under Vehumet
 15523 | D:11     | Noticed a wolf spider
 15524 | D:11     | Noticed a manticore
 15543 | D:11     | Killed a wolf spider
 15739 | D:11     | Offered knowledge of Bolt of Magma by Vehumet.
 15794 | D:11     | Killed a manticore
 16192 | D:11     | Reached skill level 10 in Conjurations
 16192 | D:11     | Reached skill level 10 in Air Magic
 16435 | D:11     | Noticed an unseen horror
 16438 | D:11     | Killed an unseen horror
 16526 | D:11     | Reached XP level 12. HP: 70/70 MP: 10/25
 17715 | D:12     | Noticed a two-headed ogre
 18464 | D:12     | Found a shadowy altar of Dithmenos.
 18514 | D:12     | Killed a two-headed ogre
 18779 | D:12     | Reached skill level 1 in Evocations
 18886 | D:12     | Found an ancient bone altar of Kikubaaqudgha.
 19176 | D:12     | Reached ***** piety under Vehumet
 19176 | D:12     | Offered knowledge of Olgreb's Toxic Radiance by Vehumet.
 19179 | D:12     | Reached skill level 10 in Dodging
 20274 | D:13     | Noticed a four-headed hydra
 20931 | D:13     | Noticed a centaur warrior
 21332 | Lair:1   | Entered Level 1 of the Lair of Beasts
 21360 | Lair:1   | Reached XP level 13. HP: 75/76 MP: 18/27
 22876 | Lair:2   | Reached skill level 5 in Evocations
 23649 | Lair:2   | Got an ancient bone ring
 23651 | Lair:2   | Identified the ring "Siuhaob" {Slay+3 SInv} (You found it
                  | on level 2 of the Lair of Beasts)
 24043 | Lair:3   | Found a staircase to the Snake Pit.
 25498 | Lair:4   | Noticed Kirke
 25511 | Lair:4   | Killed Kirke
 25529 | Lair:4   | Offered knowledge of Sticky Flame by Vehumet.
 26019 | Lair:4   | Found a staircase to the Swamp.
 27281 | Lair:4   | Reached XP level 14. HP: 79/84 MP: 13/28
 27579 | Lair:5   | Identified 2 scrolls of acquirement
 27707 | Lair:5   | Found a dark tunnel.
 27717 | Volcano  | Entered a volcano
 27741 | Volcano  | Learned a level 6 spell: Freezing Cloud
 28085 | Volcano  | Reached skill level 1 in Ice Magic
 28246 | Lair:5   | Reached skill level 10 in Spellcasting
 29935 | Lair:5   | Found a staircase to the Slime Pits.
 29936 | Lair:5   | Found a viscous altar of Jiyva.
 30123 | Lair:6   | Entered Level 6 of the Lair of Beasts
 31743 | Lair:6   | Offered knowledge of Starburst by Vehumet.
 32478 | Lair:5   | Reached XP level 15. HP: 54/91 MP: 7/30
 32884 | Lair:6   | Drowned by a drowned soul

Illustrated notes

Levels and vault maps discovered:
D:1:      psy_arrival_terrarium, layout_basic
D:2:      cheibrodos_fertilizer, layout_rooms, tso_oasis_becter,
          brannock_xom_greatest_gift, first_ration, uniq_robin
D:3:      layout_basic, tso_metal_star, uniq_jessica
D:4:      layout_cave_pods, kennysheep_little_box,
          fedhas_bush_and_centaur_altar, uniq_grinder, uniq_pikel
D:5:      layout_cave_pods, lemuel_round_altar, makhleb_grotto_becter
D:6:      layout_basic, marbit_many_paths, minmay_temple_entry_large_hall,
          serial_shops, shop, minmay_between, uniq_crazy_yiuf_cottage
D:7:      layout_cave_pools, serial_gnoll_camp, gnoll_camp_mini_loothouse,
          gnoll_camp_mini_basic, gnoll_camp_huts_moat, gnoll_camp_mini_basic,
          gnoll_camp_mini_basic
D:8:      layout_loops_ring, kennysheep_mini_moat, kennysheep_mini,
          serial_shops, shop
D:9:      layout_loops_corners, nicolae_overflow_hidden_temple,
          dpeg_lair_monsters, orc_0_dummy
D:10:     layout_loops_ring, nicolae_trove_entry_crystal
D:11:     minmay_bloctagon_deflated, layout_cave_pools, grunt_livestock
D:12:     layout_basic, basic_altar, nicolae_dithmenos_through_a_glass_darkly
D:13:     layout_stronghold, lightli_vaults_fourway_checkpoint,
          portal_ice_cave_rime
Temple:   hc_temple_tempest_star
Lair:1:   layout_regular_city, infiniplex_staircase_pool_2,
          minmay_lair_oklob_chamber
Lair:2:   layout_chaotic_city, minivault_26
Lair:3:   layout_cave_pods, guppyfry_snake_entry_island, grunt_megastairs_2
Lair:4:   layout_cave_pods, swamp_mist_pool, grunt_megastairs_5,
          lemuel_fruit_fields, lemuel_fruit_tree, uniq_kirke
Lair:5:   layout_misc_corridors, slime_altar_1, nicolae_volcano_entry_s_turn,
          special_room [special_room_mythical_zoo], infiniplex_staircase_pool,
          lemuel_fruit_fields, serial_bayou_shore_b
Lair:6:   gammafunk_lair_ancient_temple, layout_layer_cave,
          eino_small_chamber_without_monster, dpeg_stationary_puzzle

Skill      XL: |  1  2  3  4  5  6  7  8  9 10 11 12 13 14 |
---------------+-------------------------------------------+-----
Conjurations   | 2 3 4 5 6 8 9 10 11 12 13 | 13.3
Dodging        | 3 4 5 6 7 8 9 10 11 | 11.9
Spellcasting   | 3 4 5 6 7 8 9 10 | 10.5
Charms         | 2 |  2.0
Stealth        | 3 4 5 |  5.0
Air Magic      | 5 6 8 10 11 12 13 | 13.3
Fighting       | 2 4 6 7 8 9 |  9.5
Shields        | 4 |  4.0
Translocations | 2 3 |  3.0
Poison Magic   | 3 |  3.0
Evocations     | 3 7 8 |  8.0
Ice Magic      | 4 |  4.2

Action                   |  1- 3 |  4- 6 |  7- 9 | 10-12 | 13-15 || total
-------------------------+-------+-------+-------+-------+-------++-------
Melee: Dagger            |    11 |    15 |     5 |       |       ||    31
       Peck              |     2 |     1 |     1 |     6 |    11 ||    21
       Kick              |     1 |     1 |     7 |    15 |    12 ||    36
       Long sword        |       |       |     4 |    10 |       ||    14
       Staff             |       |       |       |     8 |    62 ||    70
Throw: Throwing net      |       |       |       |       |     2 ||     2
 Cast: Shock             |    78 |   144 |   366 |   703 |   389 ||  1680
       Airstrike         |       |       |     2 |    35 |    34 ||    71
       Static Discharge  |       |       |       |    92 |   316 ||   408
       Lightning Bolt    |       |       |       |    18 |     4 ||    22
       Mephitic Cloud    |       |       |       |     5 |     1 ||     6
       Iskenderun's Myst |       |       |       |       |    14 ||    14
       Freezing Cloud    |       |       |       |       |     7 ||     7
 Abil: Fly               |       |     1 |       |       |       ||     1
       Stop Flying       |       |       |       |       |     1 ||     1
Evoke: Wand              |       |       |     1 |       |       ||     1
  Use: Potion            |     1 |       |       |       |     1 ||     2
       Scroll            |       |     5 |     4 |    17 |    11 ||    37
 Stab: Paralysed         |       |       |     3 |       |       ||     3
  Eat: Chunk             |     4 |    10 |    12 |    31 |    28 ||    85
       Ration            |       |       |     1 |     3 |     4 ||     8
Armor: Robe              |    10 |     4 |       |       |     4 ||    18
       Leather armour    |       |     7 |    16 |    28 |    42 ||    93
Dodge: Dodged            |    35 |    40 |    93 |   203 |   268 ||   639
Block: Other             |       |       |     8 |    13 |       ||    21
       Reflection        |       |       |     5 |    25 |       ||    30
       Buckler           |       |       |       |   167 |   164 ||   331
       Rpst.: Long sword |       |       |    13 |    24 |       ||    37
